 Dungeon Crawl Stone Soup version 0.30-a0-830-gfe289a77b0 (webtiles) character file.

Game seed: 6442244328808674906

2149 Nacht the Frost Mage (level 9, -21/57 HPs)
             Began as a Demonspawn Ice Elementalist on Feb 28, 2023.
             Was a Follower of Vehumet.
             Killed from afar by a deep elf zephyrmancer (32 damage)
             ... with a bolt of lightning
             ... on level 7 of the Dungeon.
             The game lasted 00:08:57 (7702 turns).

Nacht the Frost Mage (Demonspawn Ice Elementalist)  Turns: 7702, Time: 00:08:58

Health: -21/57     AC:  9    Str:  9    XL:     9   Next: 9%
Magic:  3/13       EV: 12    Int: 20    God:    Vehumet [*.....]
Gold:   246        SH:  4    Dex: 20    Spells: 7/14 levels left

rFire   + . .      SeeInvis .    y - +6 whip "Waef" {freeze, rPois rF+}
rCold   . . .      Faith    .    (no shield)
rNeg    . . .      Spirit   .    a - +0 robe
rPois   +          Reflect  .    B - +0 helmet
rElec   .          Harm     .    w - +0 cloak
rCorr   +          Rampage  .    (no gloves)
Will    .....                    k - +0 pair of boots
Stlth   ++                       (no amulet)
HPRegen 0.29/turn                n - +6 ring of dexterity
MPRegen 0.13/turn                (no ring)

@: no status effects
A: claws 2, yellow scales 3, condensation shield
a: Renounce Religion


You were on level 7 of the Dungeon.
You worshipped Vehumet.
Vehumet was aware of your devotion.
You visited 2 branches of the dungeon, and saw 8 of its levels.

You collected 246 gold pieces.

Inventory:

Hand Weapons
 p - a +0 dagger
 v - a +2 quarterstaff of chaos
 y - the +6 whip "Waef" (weapon) {freeze, rPois rF+}
   (You found it on level 4 of the Dungeon)

   rF:        It protects you from fire.
   rPois:     It protects you from poison.
Armour
 a - a +0 robe (worn)
 k - a +0 pair of boots (worn)
 w - a +0 cloak (worn)
 B - a +0 helmet (worn)
Jewellery
 e - a ring of fire
 n - a +6 ring of dexterity (left claw)
Wands
 s - a wand of mindburst (6) (quivered)
 t - a wand of charming (10)
Scrolls
 c - a scroll of enchant armour {unknown}
 f - 4 scrolls of identify {unknown}
 g - a scroll of brand weapon {unknown}
 h - a scroll of noise {unknown}
 l - a scroll of magic mapping {unknown}
 m - a scroll of fog {unknown}
 u - a scroll of teleportation {unknown}
 z - 2 scrolls of enchant weapon {unknown}
 A - a scroll of immolation {unknown}
 F - a scroll of amnesia {unknown}
 G - a scroll of fear {unknown}
Potions
 b - 2 potions of magic
 d - 3 potions of lignification {unknown}
 i - 3 potions of degeneration {unknown}
 j - a potion of curing {unknown}
 o - a potion of haste {unknown}
 q - a potion of brilliance {unknown}
 r - a potion of attraction {unknown}
 x - a potion of ambrosia {unknown}
 C - a potion of heal wounds {unknown}
 D - a potion of invisibility {unknown}
 E - a potion of flight {unknown}


   Skills:
 - Level 1.7 Dodging
 - Level 1.7 Stealth
 + Level 3.0 Spellcasting
 + Level 11.4 Ice Magic


You had 7 spell levels left.
You knew the following spells:

 Your Spells              Type           Power      Damage    Failure   Level
a - Freeze                Ice            100%       1d10      1%          1
b - Frozen Ramparts       Ice            96%        1d15      1%          3
c - Ozocubu's Armour      Ice            48%        N/A       1%          3

Your spell library contained the following spells:

 Spells                   Type           Power      Damage    Failure   Level
 Foxfire                  Conj/Fire      12%        2x1d4     14%         1
 Summon Ice Beast         Ice/Summ       25%        N/A       14%         4
 Blink                    Tloc           6%         N/A       22%         2
 Manifold Assault         Tloc           3%         N/A       80%         4
 Storm Form               Tmut/Air       1%         N/A       100%        7


Dungeon Overview and Level Annotations

Branches:
Dungeon (7/15)             Temple (1/1) D:5

Altars:
Cheibriados
Fedhas
Gozag
Makhleb
Qazlal
Ru
Sif Muna
Trog
Uskayaw
Vehumet
Wu Jian
Xom
Yredelemnul

Annotations:
D:4 2 transporters, zinnoa's ghost, amateur DjFE


Innate Abilities, Weirdness & Mutations

You have very sharp fingernails.
You are completely covered in yellow scales. (AC +4, rCorr)
A meltable shield of frost defends you. (SH +4)


Message History

The deep elf zephyrmancer blinks!
Your icy armour and frozen ramparts will break if you move.
Continue?
Your icy armour cracks and falls away as you move.
The frozen ramparts melt away as you move.
The deep elf zephyrmancer hits you with a +0 long sword.
You whack the deep elf zephyrmancer! You freeze the deep elf zephyrmancer.
The deep elf zephyrmancer is almost dead.
The deep elf zephyrmancer hits you with a +0 long sword.
Casting: Freeze (safe; 1% risk of failure)
Confirm with . or Enter, or press ? or * to list all spells.
A film of ice covers your body! The deep elf zephyrmancer misses you.
Unknown command.
Casting: Ozocubu's Armour (safe; 1% risk of failure)
Confirm with . or Enter, or press ? or * to list all spells.
You don't have enough magic to cast this spell.
The deep elf zephyrmancer casts a spell.
The deep elf zephyrmancer blinks!
Your icy armour will break if you move.
Continue?
Okay, then.
Your icy armour will break if you move.
Continue?
Your icy armour cracks and falls away as you move.
The deep elf zephyrmancer points at you and mumbles some strange words.
The bolt of lightning hits you!
The deep elf zephyrmancer gestures at you while chanting.
The bolt of lightning misses you.
The deep elf zephyrmancer points at you and mumbles some strange words.
The bolt of lightning misses you.
The deep elf zephyrmancer gestures at you while chanting.
The bolt of lightning hits you!!
Ouch! That really hurt!
* * * LOW HITPOINT WARNING * * *
Okay, then.
Aiming: Mindburst
Press: ? - help, Q - select action, (/) - cycle Shift-Dir - straight line, f/p - deep elf zephyrmancer
Aim: a deep elf zephyrmancer, wielding a +0 long sword (almost dead, chance to affect: 47%)
The deep elf zephyrmancer resists with some effort.
The deep elf zephyrmancer casts a spell at you.
The bolt of lightning hits you!!
Ouch! That really hurt!
You die...

##..##..####.....
#.............##.
#.###########..#.
######........ .#....
##............. ..#..##
##.......8######'''#.###
#.....)........'...#.# #
#...e..........'...#.. #
#......@...$$..'...#..##
#........8######+++#. ..
#.......(......... #.
#................. #.
##...=...######### #.
##............. ##
#####....####. #.....
###### .....# .###..


You could see a deep elf zephyrmancer.

Vanquished Creatures
  Grinder (D:5)
  2 water moccasins
  An orc warrior (D:6)
  A sky beast (D:6)
  An ogre (D:4)
  A centaur (D:5)
  A phantom (D:5)
  A bullfrog (D:6)
  5 scorpions
  A howler monkey (D:4)
  7 hounds
  2 orc priests
  Crazy Yiuf (D:3)
  2 gnoll boudas (D:7)
  A jelly (D:5)
  4 iguanas
  5 orc wizards
  Robin (D:2)
  10 gnolls
  7 adders
  A white imp (D:5)
  3 ufetubi
  5 dart slugs
  18 orcs
  6 bats
  8 endoplasms
  3 giant cockroaches
  14 goblins
  8 hobgoblins
  3 jackals (D:1)
  6 kobolds
  A quokka (D:2)
  4 ball pythons
  6 frilled lizards
  5 rats
146 creatures vanquished.

Vanquished Creatures (others)
  A plant (D:5)
1 creature vanquished.

Grand Total: 147 creatures vanquished

Notes
Turn   | Place    | Note
-------+----------+-------------------------------------------
     0 | D:1      | Nacht the Demonspawn Ice Elementalist began the quest for
                  | the Orb.
     0 | D:1      | Reached XP level 1. HP: 13/13 MP: 3/3
    64 | D:1      | You fall into a shaft and drop 1 floor!
   250 | D:1      | Reached skill level 4 in Ice Magic
   269 | D:1      | Gained mutation: A meltable shield of frost defends you.
                  | (SH +4) [demonic ancestry]
   269 | D:1      | Reached XP level 2. HP: 19/19 MP: 3/5
   695 | D:1      | Gained mutation: You are partially covered in yellow
                  | scales. (AC +2) [demonic ancestry]
   695 | D:1      | Reached XP level 3. HP: 21/24 MP: 2/6
  1368 | D:2      | Noticed Robin
  2185 | D:2      | Killed Robin
  2186 | D:2      | Reached skill level 5 in Ice Magic
  2278 | D:2      | Learned a level 3 spell: Frozen Ramparts
  2297 | D:3      | Reached XP level 4. HP: 30/30 MP: 5/7
  2302 | D:3      | Learned a level 3 spell: Ozocubu's Armour
  2390 | D:3      | Identified the +1 chain mail of Inaction {Will+ Stlth+}
  2738 | D:3      | Found a runed translucent door.
  2739 | D:3      | Noticed Crazy Yiuf
  2879 | D:3      | Found a burning altar of Makhleb.
  2880 | D:3      | Noticed a green death
  3289 | D:3      | Gained mutation: You are mostly covered in yellow scales.
                  | (AC +3) [demonic ancestry]
  3289 | D:3      | Reached XP level 5. HP: 35/35 MP: 3/8
  3405 | D:3      | Killed Crazy Yiuf
  3406 | D:3      | Reached skill level 6 in Ice Magic
  3495 | D:4      | Noticed a +0 dagger
  3495 | D:4      | Noticed a +0 dagger
  3495 | D:4      | Noticed an ogre
  3496 | D:4      | Noticed a +0 falchion
  3498 | D:4      | Noticed a +0 falchion
  3506 | D:4      | Killed an ogre
  3507 | D:4      | Gained mutation: You are completely covered in yellow
                  | scales. (AC +4, rCorr) [demonic ancestry]
  3507 | D:4      | Reached XP level 6. HP: 25/41 MP: 0/9
  3599 | D:4      | Reached skill level 7 in Ice Magic
  3660 | D:4      | Identified the +6 whip "Waef" {freeze, rPois rF+}
  3703 | D:4      | Found a blossoming altar of Fedhas.
  3944 | D:4      | Noticed zinnoa's ghost (amateur DjFE)
  3950 | D:4      | Found a transporter.
  3958 | D:4      | Found a transporter.
  3975 | D:4      | Found a shimmering altar of Xom.
  3975 | D:4      | Found a faded altar of an unknown god.
  3984 | D:4      | Found a bloodstained altar of Trog.
  3985 | D:4      | Found a faded altar of an unknown god.
  4150 | D:4      | Found a stormy altar of Qazlal.
  4209 | D:4      | Noticed a +0 spear
  4210 | D:4      | Noticed a +0 short sword
  4214 | D:4      | Noticed a +0 spear
  4214 | D:4      | Noticed a +0 short sword
  4218 | D:4      | Gained mutation: You have sharp fingernails. [demonic
                  | ancestry]
  4218 | D:4      | Reached XP level 7. HP: 46/46 MP: 6/10
  4307 | D:4      | Found a hide-covered altar of Uskayaw.
  4452 | D:4      | Reached skill level 8 in Ice Magic
  4816 | D:5      | Entered Level 5 of the Dungeon
  4824 | D:5      | Found an ornate altar of the Wu Jian Council.
  4982 | D:5      | Found a sacrificial altar of Ru.
  5062 | D:5      | Found a staircase to the Ecumenical Temple.
  5071 | Temple   | Entered the Ecumenical Temple
  5148 | Temple   | Became a worshipper of Vehumet
  5450 | D:5      | Noticed Grinder
  5450 | D:5      | Paralysed by Grinder for 3 turns
  5461 | D:5      | Paralysed by Grinder for 4 turns
  5472 | D:5      | Paralysed by Grinder for 2 turns
  5488 | D:5      | Killed Grinder
  5489 | D:5      | Reached skill level 9 in Ice Magic
  5728 | D:5      | Reached XP level 8. HP: 44/52 MP: 11/11
  6154 | D:6      | Reached skill level 10 in Ice Magic
  6640 | D:6      | Reached * piety under Vehumet
  6640 | D:6      | Offered knowledge of Foxfire by Vehumet.
  7051 | D:6      | Reached skill level 11 in Ice Magic
  7442 | D:7      | Gained mutation: You have very sharp fingernails. [demonic
                  | ancestry]
  7442 | D:7      | Reached XP level 9. HP: 54/57 MP: 2/12
  7674 | D:7      | Noticed a deep elf zephyrmancer
  7702 | D:7      | Killed from afar by a deep elf zephyrmancer

Illustrated notes

Levels and vault maps discovered:
D:1:      lemuel_arrival_broad_hall, layout_basic, chequers_garden
D:2:      layout_basic, minmay_misc_feat_secret_circle, minivault_14, uniq_robin
D:3:      layout_loops_corners, makhleb_altar_promises_db, minmay_checkerbox,
          uniq_crazy_yiuf_cottage
D:4:      layout_basic, nicolae_uskayaw_en_pointe, mainiacjoe_overflow_chevrons,
          chequers_temple_overflow_minitemple, kennysheep_mini,
          gammafunk_ghost_arena
D:5:      layout_gridville, pdpol_wu_jian_five_deadly_venoms,
          mainiacjoe_overflow_brackets, minmay_temple_entry_gardened_gates,
          uniq_grinder
D:6:      layout_basic
D:7:      layout_rooms, guppyfry_early_elven_hall
Temple:   hellmonk_temple_forest_ring

Skill      XL: |  1  2  3  4  5  6  7  8  9 |
---------------+----------------------------+-----
Ice Magic      | 4 5 6 7 9 11 | 11.4
Spellcasting   | 3 |  3.0
Dodging        | |  1.7
Stealth        | |  1.7

Action                     |  1- 3 |  4- 6 |  7- 9 || total
---------------------------+-------+-------+-------++-------
  Melee: Unarmed           |    21 |       |       ||    21
         Dagger            |     6 |     9 |       ||    15
         Quarterstaff      |       |     4 |       ||     4
         Whip              |       |     6 |   136 ||   142
         Punch             |       |       |     2 ||     2
   Cast: Freeze            |    64 |    56 |    27 ||   147
         Ozocubu's Armour  |       |     6 |    20 ||    26
         Frozen Ramparts   |       |     6 |    16 ||    22
  Evoke: Wand              |       |       |     1 ||     1
   Stab: Sleeping          |       |     1 |     5 ||     6
 Armour: Robe              |    13 |    19 |    83 ||   115
  Dodge: Dodged            |    44 |    37 |   127 ||   208
  Block: Other             |     9 |     9 |    31 ||    49

Table legend: (Time is in decaauts)
 A = Elapsed time spent in this place.
 B = Non-inter-level travel time spent in this place.
 C = Inter-level travel time spent in this place.
 D = Time resting spent in this place.
 E = Time spent auto-exploring this place.
 F = Levels seen in this place.
 G = Mean time per level.
                   A        B        C        D        E       F      G
               +--------+--------+--------+--------+--------+-----+--------+
         Total |   7716 |   7295 |    421 |      0 |   6107 |   8 |  964.5 |
       Dungeon |   7621 |   7217 |    404 |      0 |   6052 |   7 | 1088.7 |
        Temple |     95 |     78 |     17 |      0 |     55 |   1 |   95.0 |
               +--------+--------+--------+--------+--------+-----+--------+

Top non-repeatable levels by time:
     D:3: 1298 daAuts
     D:6: 1247 daAuts
     D:5: 1224 daAuts
     D:4: 1182 daAuts
     D:2: 1181 daAuts
     D:1: 1155 daAuts
     D:7: 331 daAuts
  Temple: 95 daAuts
